 Dungeon Crawl Stone Soup version 0.27-a0-1365-ge71e8f7681 (webtiles) character file.

Game seed: 6602987240982207544

163 HESUNTHESUNT the Skirmisher (level 5, 0/34 HPs)
             Began as a Gargoyle Monk on June 28, 2021.
             Killed from afar by Ijyb (14 damage)
             ... with an iceblast
             ... on level 3 of the Dungeon.
             The game lasted 00:04:03 (2688 turns).

HESUNTHESUNT the Skirmisher (Gargoyle Monk)         Turns: 2688, Time: 00:04:04

Health: 0/34       AC: 15    Str: 16    XL:     5   Next: 44%
Magic:  5/5        EV:  5    Int: 10    God:
Gold:   131        SH:  5    Dex: 12    Spells: 4/4 levels left

rFire    . . .     SeeInvis .   a - +0 mace
rCold    . . .     Faith    .   (no shield)
rNeg     + . .     Spirit   .   f - +0 plate armour
rPois    ∞         Reflect  +   (no helmet)
rElec    +         Harm     .   (no cloak)
rCorr    .         Rampage  .   (no gloves)
Will     .....                  (no boots)
Stlth    ..........             h - amulet of reflection
HPRegen  0.11/turn              (no ring)
MPRegen  0.09/turn              (no ring)

@: no status effects
A: sickness immunity, AC +4, negative energy resistance 1, electricity
resistance, torment resistance 1, petrification resistance
a: no special abilities


You were on level 3 of the Dungeon.
You visited 1 branch of the dungeon, and saw 3 of its levels.

You collected 131 gold pieces.

Inventory:

Hand Weapons
 a - a +0 mace (weapon)
Armour
 f - a +0 plate armour (worn)
Jewellery
 h - an amulet of reflection (around neck)
Scrolls
 g - a scroll of teleportation {unknown}
 i - a scroll of identify {unknown}
Potions
 b - a potion of haste
 c - a potion of heal wounds {unknown}
 d - a potion of invisibility {unknown}
 e - a potion of flight {unknown}


   Skills:
 + Level 4.6 Fighting
 + Level 4.2 Maces & Flails
 + Level 3.0 Armour
 - Level 2.4 Dodging
 - Level 2.1 Stealth


You had 4 spell levels left.
You didn't know any spells.
Your spell library contained the following spells:

 Spells                   Type           Power      Damage    Failure   Level
 Beastly Appendage        Tmut           0%         N/A       100%        1
 Magic Dart               Conj           0%         1d3       100%        1
 Wereblood                Tmut           0%         N/A       100%        2
 Spider Form              Tmut/Pois      0%         N/A       100%        3
 Ice Form                 Ice/Tmut       0%         N/A       100%        4
 Fireball                 Conj/Fire      0%         3d3       100%        5
 Iron Shot                Conj/Erth      0%         9d1       100%        6
 Sublimation of Blood     Necr           Unusable   N/A       N/A         2

Dungeon Overview and Level Annotations

Branches:
Dungeon (3/15)

Altars:

Annotations:
D:3 Ijyb


Innate Abilities, Weirdness & Mutations

You are immune to sickness and miasma.
Your stone body is resilient. (AC +4)
You are immune to poison.
You resist negative energy. (rN+)
You are resistant to electric shocks. (rElec)
You are resistant to unholy torment.
You are immune to petrification.


Message History

The giant cockroach bites you but does no damage.
Ijyb hits you but does no damage. The frilled lizard barely misses you.
Ijyb hits you but does no damage.
You barely miss Ijyb.
The giant cockroach bites you but does no damage.
The orc wizard casts a spell.
The orc wizard flickers and vanishes!
Deactivating autopickup; reactivate with Ctrl-A.
The frilled lizard bites you but does no damage.
Ijyb hits you but does no damage. You block the giant cockroach's attack.
You barely miss Ijyb.
Ijyb screams, "You nasty!
Big nasty!"
Ijyb hits you but does no damage. The frilled lizard bites you.
The giant cockroach bites you but does no damage.
Ijyb hits you but does no damage.
The frilled lizard bites you but does no damage.
The giant cockroach bites you but does no damage.
You block the frilled lizard's attack.
An orc comes into view. It is wielding a +0 whip.
The orc shouts!
The frilled lizard bites you but does no damage.
The giant cockroach bites you but does no damage.
An orc comes into view. It is wielding a +0 club.
The orc shouts!
The orc hits you but does no damage. The orc hits you but does no damage.
The frilled lizard unfolds its giant frill.
The frilled lizard bites you. You block the orc's attack.
The orc hits you but does no damage. You block the orc's attack.
The orc barely misses you.
Ijyb zaps a wand.
The mass of ice explodes!
The iceblast engulfs you.
The giant cockroach waves its antennae.
Ijyb zaps a wand.
The mass of ice explodes!
The iceblast engulfs you.
Found a mace.
Ijyb zaps a wand.
The mass of ice explodes!
The iceblast engulfs you.
Ijyb zaps a wand.
The mass of ice explodes!
The iceblast engulfs the orc!
The orc dies!
The iceblast engulfs you!
You die...

#. #.).
#############....
##.....#.....#..#
##..............#
#...............#
#...............#
#...<..@)..B....########
#......)....g.ol........
#...[...................
#...............####....
##>............## #....
##...........## ###l...
##.###.###### #......
##[# #.# .....##...
#####..###.# ........##


You could see Ijyb, an orc and a giant cockroach.

Vanquished Creatures
  2 orc priests
  An orc wizard (D:1)
  3 adders (D:2)
  3 dart slugs
  2 orcs
  3 ball pythons
  7 endoplasms
  2 goblins
  5 hobgoblins
  2 jackals (D:2)
  7 kobolds
  A quokka (D:2)
  3 bats
  4 frilled lizards
45 creatures vanquished.

Vanquished Creatures (others)
  An orc (D:3)
1 creature vanquished.

Grand Total: 46 creatures vanquished

Notes
Turn   | Place    | Note
-------+----------+-------------------------------------------
     0 | D:1      | HESUNTHESUNT the Gargoyle Monk began the quest for the Orb.
     0 | D:1      | Reached XP level 1. HP: 14/14 MP: 1/1
     8 | D:1      | You fall into a shaft and drop 1 floor!
   239 | D:2      | Reached XP level 2. HP: 10/19 MP: 2/2
   486 | D:2      | Reached skill level 1 in Armour
   703 | D:1      | Reached XP level 3. HP: 24/24 MP: 3/3
  1030 | D:1      | Found a faded altar of an unknown god.
  1667 | D:2      | Reached XP level 4. HP: 19/29 MP: 4/4
  1852 | D:2      | Reached XP level 5. HP: 20/34 MP: 5/5
  2528 | D:3      | Got Sif Muna's Grimoire of Destructive Black Rituals
  2649 | D:3      | Noticed Ijyb
  2688 | D:3      | Killed from afar by Ijyb

Illustrated notes

Levels and vault maps discovered:
D:1:      nzn_arrival_crosshair, layout_loops_ring,
          shapermc_ecumenical_altar_starsandcircs
D:2:      cheibrodos_pilgrimage, layout_loops_cross
D:3:      layout_rooms, uniq_ijyb, uniq_crazy_yiuf_cottage

Skill      XL: |  1  2  3  4  5 |
---------------+----------------+-----
Armour         | 1 2 3 |  3.0
Fighting       | 4 |  4.6
Maces & Flails | 4 |  4.2
Dodging        | |  2.4
Stealth        | |  2.1

Action                   |  1- 3 |  4- 6 || total
-------------------------+-------+-------++-------
Melee: Mace              |    90 |    70 ||   160
 Stab: Sleeping          |     9 |       ||     9
       Distracted        |     1 |       ||     1
Armor: Robe              |    12 |       ||    12
       Leather armour    |    10 |    20 ||    30
       Plate armour      |       |    34 ||    34
       Scale mail        |       |     9 ||     9
Dodge: Dodged            |    50 |    40 ||    90
Block: Other             |       |    10 ||    10

Table legend: (Time is in decaauts)
 A = Elapsed time spent in this place.
 B = Non-inter-level travel time spent in this place.
 C = Inter-level travel time spent in this place.
 D = Time resting spent in this place.
 E = Time spent auto-exploring this place.
 F = Levels seen in this place.
 G = Mean time per level.
                   A        B        C        D        E       F      G
               +--------+--------+--------+--------+--------+-----+--------+
         Total |   2726 |   2636 |     90 |    355 |   1803 |   3 |  908.7 |
       Dungeon |   2726 |   2636 |     90 |    355 |   1803 |   3 |  908.7 |
               +--------+--------+--------+--------+--------+-----+--------+

Top non-repeatable levels by time:
     D:2: 1403 daAuts
     D:1: 1076 daAuts
     D:3: 246 daAuts
